 Dungeon Crawl Stone Soup version 0.27.0-1-g7a089689b8 (webtiles) character file.

Game seed: 9719695789903203547

47 thirtiethelement the Skirmisher (level 3, -1/29 HPs)
             Began as a Demonspawn Abyssal Knight on Aug 10, 2021.
             Was a Follower of Lugonu.
             Slain by an adder (2 damage)
             ... on level 2 of the Dungeon.
             The game lasted 00:04:40 (1288 turns).

thirtiethelement the Skirmisher (DsAK)              Turns: 1288, Time: 00:04:42

Health: -1/29      AC:  5    Str: 13    XL:     3   Next: 48%
Magic:  1/1        EV: 11    Int: 13    God:    Lugonu [*.....]
Gold:   86         SH:  0    Dex: 12    Spells: 2/2 levels left

rFire    . . .     SeeInvis .   d - +3 bardiche (antimagic)
rCold    . . .     Faith    .   (shield currently unavailable)
rNeg     . . .     Spirit   .   b - +1 leather armour
rPois    .         Reflect  .   j - +0 helmet
rElec    .         Harm     .   (no cloak)
rCorr    .         Rampage  .   (no gloves)
Will     .....                  (no boots)
Stlth    +.........             (no amulet)
HPRegen  0.09/turn              (no ring)
MPRegen  0.07/turn              (no ring)

@: lethally poisoned (-1 -> -9)
A: ignite blood 1
a: Renounce Religion, Depart the Abyss


You were on level 2 of the Dungeon.
You worshipped Lugonu.
Lugonu was aware of your devotion.
You visited 1 branch of the dungeon, and saw 2 of its levels.
You visited the Abyss 1 time.

You collected 86 gold pieces.

Inventory:

Hand Weapons
 d - a +3 antimagic bardiche (weapon)
Armour
 b - a +1 leather armour (worn)
 j - a +0 helmet (worn)
Jewellery
 f - a ring of wizardry
Scrolls
 i - a scroll of teleportation
Potions
 a - 2 potions of heal wounds {unknown}
 c - 2 potions of curing {unknown}
 e - 2 potions of invisibility {unknown}
 g - a potion of attraction {unknown}
 h - a potion of flight {unknown}


   Skills:
 + Level 3.6 Fighting
 + Level 1.8 Long Blades
 + Level 1.4 Polearms
 + Level 1.9 Armour
 + Level 1.4 Dodging
 + Level 2.7 Invocations


You had 2 spell levels left.
You didn't know any spells.
Your spell library contained the following spells:

 Spells                   Type           Power      Damage    Failure   Level
 Foxfire                  Conj/Fire      0%         2x1d4     36%         1
 Conjure Flame            Conj/Fire      0%         6-21      75%         3
 Dazzling Flash           Conj/Hex       0%         N/A       75%         3
 Inner Flame              Hex/Fire       0%         N/A       75%         3
 Iskenderun's Mystic Bla  Conj/Tloc      0%         2d3       98%         4
 Starburst                Conj/Fire      0%         8x6d3     100%        6


Dungeon Overview and Level Annotations

Branches:
Dungeon (2/15)

Altars:
Cheibriados


Innate Abilities, Weirdness & Mutations

Your demonic aura sometimes causes spilled blood to erupt in flames.


Message History

Reach: d) +3 bardiche (antimagic)
Press: ? - help, Dir - move target, f/p - adder
Aim: an adder (about 78% to evade your +3 antimagic bardiche)
You barely miss the adder. The adder bites you.
You are poisoned.
The adder poisons you! The adder bites you.
The adder bites you but does no damage.
Reach: d) +3 bardiche (antimagic)
Press: ? - help, Dir - move target, f/p - adder
Aim: an adder (about 78% to evade your +3 antimagic bardiche)
You barely miss the adder.
You feel very sick. The adder bites you. The adder closely misses you.
Reach: d) +3 bardiche (antimagic)
Press: ? - help, Dir - move target, f/p - adder
Aim: an adder (about 78% to evade your +3 antimagic bardiche)
You closely miss the adder.
You feel sick. The adder misses you. The adder bites you but does no damage.
The adder closely misses you.
Reach: d) +3 bardiche (antimagic)
Press: ? - help, Dir - move target, f/p - adder
Aim: an adder (about 78% to evade your +3 antimagic bardiche)
You closely miss the adder.
You feel sick.
You are no longer poisoned.
The adder closely misses you. x2
Reach: d) +3 bardiche (antimagic)
Press: ? - help, Dir - move target, f/p - adder
Aim: an adder (about 78% to evade your +3 antimagic bardiche)
You closely miss the adder. The adder bites you.
* * * LOW HITPOINT WARNING * * *
You are poisoned.
The adder poisons you! The adder barely misses you.
The adder bites you but does no damage.
Reach: d) +3 bardiche (antimagic)
Press: ? - help, Dir - move target, f/p - adder
Aim: an adder (about 78% to evade your +3 antimagic bardiche)
You miss the adder.
You feel sick. The adder bites you.
* * * LOW HITPOINT WARNING * * *
You are more poisoned.
The adder poisons you! The adder bites you.
You die...

.....###......#.....
..............#..###.
.....................
......##>.....#.#####
...#####......#.#####
..## ##.#.../.†...##
.## ...#........(.##
.# ..#.............#
## #.#..##....@.....#
# #.#.# #....S.....#
#. #....(.....# #
#..........#
##........## ##
..........# .#
#..........# ##
#..........# ####


You could see an adder.

Vanquished Creatures
  2 adders (D:2)
  2 ball pythons (D:1)
  3 bats (D:2)
  3 endoplasms (D:2)
  3 hobgoblins
  6 jackals (D:1)
  A frilled lizard (D:1)
  2 goblins
  4 kobolds (D:1)
  2 rats (D:1)
28 creatures vanquished.

Notes
Turn   | Place    | Note
-------+----------+-------------------------------------------
     0 | Abyss:1  | thirtiethelement the Demonspawn Abyssal Knight began the
                  | quest for the Orb.
     0 | Abyss:1  | Reached XP level 1. HP: 18/18 MP: 2/2
    56 | Abyss:2  | Noticed a chaos spawn
    62 | Abyss:2  | Noticed a large abomination
    79 | Abyss:2  | Noticed a sun demon
    92 | Abyss:3  | Noticed a thrashing horror
    93 | Abyss:3  | Noticed a boulder beetle
    96 | D:1      | Escaped the Abyss
    97 | D:1      | Identified a scroll of acquirement
    97 | D:1      | Acquired a +2 antimagic bardiche
   268 | D:1      | Gained mutation: Your demonic aura sometimes causes spilled
                  | blood to erupt in flames. [demonic ancestry]
   268 | D:1      | Reached XP level 2. HP: 24/24 MP: 1/3
   344 | D:1      | Reached * piety under Lugonu
   400 | D:1      | Reached skill level 1 in Dodging
   768 | D:1      | Found a faded altar of an unknown god.
  1156 | D:2      | Reached skill level 1 in Polearms
  1157 | D:2      | Reached XP level 3. HP: 29/29 MP: 1/5
  1170 | D:2      | Found a snail-covered altar of Cheibriados.
  1288 | D:2      | HP: 1/29 [adder (4)]
  1288 | D:2      | Slain by an adder

Illustrated notes

Levels and vault maps discovered:
D:1:      dpeg_arrival_more_subterranean_lakeside_camping, layout_basic,
          dreamdust_ecumenical_altar_hidden_monk_grotto,
          chequers_serial_rivers_large_b, chequers_serial_rivers_micro_c
D:2:      layout_rooms, basic_altar, serial_bayou_ford_a

Skill      XL: |  1  2 |
---------------+-------+-----
Dodging        | 1 |  1.4
Polearms       | 1 |  1.4
Fighting       | |  3.6
Long Blades    | |  1.8
Armour         | |  1.9
Invocations    | |  2.7

Action                   || total
-------------------------++-------
Melee: Bardiche          ||    88
Invok: Depart the Abyss  ||     1
  Use: Scroll            ||     4
Armor: Leather armour    ||    44
Dodge: Dodged            ||    72
